 Dungeon Crawl Stone Soup version 0.20-a0-350-ga83eecc (webtiles) character file.

172 TheGoonsmith the Insei (level 5, -15/28 HPs)
             Began as a Vine Stalker Monk on Dec 23, 2016.
             Demolished by an ogre
             ... wielding a +0 giant spiked club
              (25 damage)
             ... on level 4 of the Dungeon.
             The game lasted 00:04:42 (2523 turns).

TheGoonsmith the Insei (Vine Stalker Monk)          Turns: 2523, Time: 00:04:42

Health: -15/28     AC: 16    Str: 15    XL:     5   Next: 52%
Magic:  0/6        EV:  0    Int: 10    God:
Gold:   191        SH:  0    Dex: 16    Spells: 4/4 levels left

rFire  . . .     SeeInvis .       - Unarmed
rCold  . . .     Gourm    .     c - +2 crystal plate armour
rNeg   . . .     Faith    .     (no shield)
rPois  .         Spirit   +     (no helmet)
rElec  .         Reflect  .     (no cloak)
rCorr  .         Harm     .     (no gloves)
MR     .....                    (no boots)
Stlth  ..........               (no amulet)
                                (no ring)
                                (no ring)

@: very slightly contaminated, hasted, very quick
A: fangs 2, regeneration 1, magic shield, antimagic bite, no device heal 3, rot
immunity
a: no special abilities


You were on level 4 of the Dungeon.
You were not hungry.

You visited 1 branch of the dungeon, and saw 4 of its levels.

You collected 191 gold pieces.

Inventory:

Armour
 a - a +0 robe
 c - a +2 crystal plate armour (worn)
 i - a +0 chain mail of cold resistance
Wands
 k - a wand of slowing (45/48)
Scrolls
 h - a scroll of random uselessness
 j - a scroll of recharging
 m - a scroll of remove curse
Potions
 d - a potion of cancellation {unknown}
 n - a potion of might {unknown}
 o - a potion of haste
 p - a potion of berserk rage {unknown}
Comestibles
 b - 2 bread rations
 f - 5 fruits
 q - a meat ration


   Skills:
 + Level 3.6 Fighting
 + Level 0.7 Armour
 - Level 2.8 Dodging
 - Level 2.4 Stealth
 * Level 4.8 Unarmed Combat


You had 4 spell levels left.
You didn't know any spells.

Dungeon Overview and Level Annotations

Branches:
Dungeon (4/15)
 Temple: D:4-7

Altars:
Ashenzari
Gozag
Kikubaaqudgha
Okawaru
Sif Muna
Yredelemnul


Innate Abilities, Weirdness & Mutations

You have extremely sharp teeth.
Your natural rate of healing is unusually fast.
When hurt, damage is shared between your health and your magic reserves.
Your bite disrupts and absorbs the magic of your enemies.
Potions cannot restore your health.
You are immune to rotting.


Message History

Your crystal plate armour prevents you from hitting the ogre.
You bite the ogre. You drain its power.
You feel invigorated.
The ogre is moderately wounded.
You hit the ogre.
The ogre is moderately wounded.
You hit the ogre but do no damage. Your bite misses the ogre.
The ogre is moderately wounded.
The ogre hits you with a giant spiked club.
You hit the ogre.
The ogre is moderately wounded.
You hit the ogre but do no damage.
The ogre is moderately wounded.
The ogre hits you with a giant spiked club.
You hit the ogre. You bite the ogre. You drain its power.
You feel invigorated.
The ogre is severely wounded.
You hit the ogre. Your bite misses the ogre.
The ogre is severely wounded.
The ogre hits you with a giant spiked club!!
Ouch! That really hurt!
You die...

##.####. .. #.
## # #. . #. .#
## #. ####... #.
.......
##.##.......
#.###...@.......
#.....O#.#####.
##.!...#.#
#.....#.#
#....>#.#
###.#.#.#
#.#.#.# #.#.#.#
#.#.#


You could see an ogre.

Vanquished Creatures
  An orc priest (D:3)
  Ijyb (D:2)
  A worker ant (D:4)
  3 adders (D:2)
  An ooze (D:1)
  A worm (D:3)
  A dart slug (D:1)
  3 leopard geckos
  4 orcs
  3 giant cockroaches
  2 gnoll zombies (D:2)
  3 goblins
  3 hobgoblins (D:1)
  2 jackals (D:1)
  A ball python (D:2)
  5 bats
  4 frilled lizards
  9 kobolds
  7 rats
55 creatures vanquished.

Notes
Turn   | Place    | Note
-------+----------+-------------------------------------------
     0 | D:1      | TheGoonsmith the Vine Stalker Monk began the quest for the Orb.
     0 | D:1      | Reached XP level 1. HP: 11/11 MP: 2/2
   388 | D:1      | Reached XP level 2. HP: 16/16 MP: 3/3
   619 | D:1      | Reached XP level 3. HP: 14/20 MP: 4/4
   744 | D:1      | Found an iron altar of Okawaru.
  1246 | D:1      | You fall through a shaft!
  1246 | D:2      | Noticed Ijyb
  1261 | D:2      | Killed Ijyb
  1261 | D:2      | Reached skill level 4 in Unarmed Combat
  1261 | D:2      | Gained mutation: Your natural rate of healing is unusually fast. [Vine Stalker growth]
  1261 | D:2      | Reached XP level 4. HP: 24/24 MP: 5/5
  1515 | D:2      | Found an opulent altar of Gozag.
  1698 | D:2      | Found a basalt altar of Yredelemnul.
  1946 | D:3      | Reached XP level 5. HP: 28/28 MP: 6/6
  2331 | D:3      | Found an ancient bone altar of Kikubaaqudgha.
  2333 | D:3      | Found an opulent altar of Gozag.
  2338 | D:3      | Found a shattered altar of Ashenzari.
  2343 | D:3      | Found a deep blue altar of Sif Muna.
  2500 | D:4      | Noticed an ogre
  2523 | D:4      | Demolished by an ogre

Vault maps used:
D:1:      dpeg_arrival_radiant, okawaru_ov_weapons_minmay
D:2:      lemuel_zombie_altar_yredelemnul, nicolae_gozag_seed_capital, uniq_iyjb
D:3:      minitemple, serial_curves, eino_curves_03, eino_curves_01
D:4:      minmay_misc_feat_five, uniq_robin

Skill      XL: |  1  2  3 |
---------------+----------+-----
Fighting       | 3 |  3.6
Unarmed Combat | 4 |  4.8
Armour         | |  0.7
Dodging        | |  2.8
Stealth        | |  2.4

Action                   |  1- 3 |  4- 6 || total
-------------------------+-------+-------++-------
Melee: Unarmed           |   108 |   138 ||   246
       Bite              |    30 |    46 ||    76
       Punch             |     2 |     1 ||     3
  Use: Scroll            |       |     9 ||     9
       Potion            |       |     1 ||     1
 Stab: Sleeping          |     4 |       ||     4
  Eat: Chunk             |     1 |     4 ||     5
Armor: Robe              |    14 |       ||    14
       Chain mail        |     8 |    21 ||    29
       Crystal plate arm |       |    63 ||    63
Dodge: Dodged            |    69 |    21 ||    90
